 Dungeon Crawl Stone Soup version 0.30-a0-1082-g70414cbcbb (webtiles) character file.

Game seed: 12514121904332837306

378 ryw the Cudgeller (level 6, 0/50 HPs)
             Began as a Mummy Fighter on Apr 16, 2023.
             Slain by an iguana (3 damage)
             ... on level 4 of the Dungeon.
             The game lasted 00:07:52 (3968 turns).

ryw the Cudgeller (Mummy Fighter)                   Turns: 3968, Time: 00:07:52

Health: 0/50       AC:  8    Str: 22    XL:     6   Next: 45%
Magic:  6/6        EV:  9    Int:  7    God:
Gold:   226        SH:  4    Dex: 11    Spells: 5/5 levels left

rFire   x . .      SeeInvis .    a - +3 whip
rCold   + . .      Faith    +    c - +0 buckler
rNeg    + + +      Spirit   .    b - +0 scale mail
rPois   ∞          Reflect  .    o - +0 helmet
rElec   .          Rampage  .    (no cloak)
rCorr   .                        (no gloves)
Will    .....                    m - +0 pair of boots Stlth
                                 (no amulet)
HPRegen 0.28/turn                (no ring)
MPRegen 0.10/turn                (no ring)

@: about to teleport
A: cold resistance 1, negative energy resistance 3, torment resistance 2, heat
vulnerability 1, in touch with death 1, no potions, faith
a: no special abilities


You were on level 4 of the Dungeon.
You visited 1 branch of the dungeon, and saw 5 of its levels.

You collected 226 gold pieces.

Inventory:

Hand Weapons
 a - a +3 whip (weapon)
 j - a +0 flail of protection
Missiles
 f - 4 atropa-tipped darts (quivered)
 n - 3 throwing nets
Armour
 b - a +0 scale mail (worn)
 c - a +0 buckler (worn)
 m - a +0 pair of boots (worn)
 o - a +0 helmet (worn)
Jewellery
 h - a +6 ring of intelligence
 i - a ring of willpower
Scrolls
 d - 3 scrolls of teleportation
 e - 2 scrolls of blinking
 g - a scroll of magic mapping
 l - a scroll of vulnerability


   Skills:
 + Level 4.8 Fighting
 * Level 4.8 Maces & Flails
 - Level 2.4 Armour
 - Level 2.4 Shields


You had 5 spell levels left.
You didn't know any spells.
Your spell library was empty.

Dungeon Overview and Level Annotations

Branches:
Dungeon (5/15)
 Temple: D:4-7

Altars:
Hepliaklqana
Makhleb
Uskayaw

Shops:
D:2 =


Innate Abilities, Weirdness & Mutations

You are immune to poison.
Your flesh is cold resistant. (rC+)
You are immune to negative energy. (rN+++)
You are immune to unholy pain and torment.
You are vulnerable to heat. (rF-)
You are in touch with the powers of death.
You do not drink.
You have a special connection with the divine. (Faith)


Message History

Unknown command.
Done exploring.
Done exploring.
There is an open door here.
There is a stone staircase leading down here.
You climb downwards.
Found 4 large rocks and 2 gold pieces.
Found a stone staircase leading down.
There is a stone staircase leading up here.
Unknown command.
An iguana comes into view.
The iguana hisses angrily.
An ogre comes into view. It is wielding a +0 giant club.
The ogre shouts!
You hear a shout!
You closely miss the orc. The orc hits you but does no damage.
You closely miss the orc. You hit the orc.
You kill the orc!
A centaur comes into view.
There is a stone staircase leading up here.
The iguana bites you!
There is a stone staircase leading up here.
The ogre hits you with a +0 giant club! The iguana bites you.
You climb upwards.
There is a stone staircase leading down here.
The ogre attacks as you move away!
The ogre hits you with a +0 giant club!!
* * * LOW HITPOINT WARNING * * *
The iguana attacks as you move away!
The iguana bites you but does no damage.
The iguana closely misses you. The iguana attacks as you move away!
You block the iguana's attack.
There is an open door here.
You hit the iguana.
The iguana is lightly wounded.
The iguana barely misses you.
As you read the scroll of teleportation, it crumbles to dust.
You feel strangely unstable. The iguana bites you!
* * * LOW HITPOINT WARNING * * *
The iguana attacks as you move away! The iguana bites you.
You die...

### ##### #.. #...#
#######.#
#.[.########........
#...+......#.#......
#[..#......#.#.....#
#...l......#.......#
#..@#......#........
#...#.O.......#...##
#...#.....##..#...#
#.!.#.....+....#.##
#####.....#.#....###
#...>...........
##########..####
#.....##
########'###..#


You could see an iguana.

Vanquished Creatures
  A hound (D:4)
  A jelly (D:4)
  A gnoll bouda (D:4)
  Jessica (D:3)
  An iguana (D:4)
  6 gnolls
  9 adders
  An ufetubus (D:4)
  2 worms (D:2)
  A dart slug (D:1)
  8 orcs
  6 ball pythons
  6 bats
  12 endoplasms
  4 giant cockroaches
  3 goblins
  2 hobgoblins
  4 jackals (D:1)
  3 kobolds
  5 quokkas
  3 frilled lizards
  10 rats
90 creatures vanquished.

Notes
Turn   | Place    | Note
-------+----------+-------------------------------------------
     0 | D:1      | ryw the Mummy Fighter began the quest for the Orb.
     0 | D:1      | Reached XP level 1. HP: 18/18 MP: 1/1
   116 | D:1      | Reached XP level 2. HP: 18/24 MP: 2/2
   534 | D:1      | Gained mutation: You are in touch with the powers of death.
                  | [Mummy growth]
   534 | D:1      | Reached XP level 3. HP: 28/29 MP: 3/3
  1306 | D:2      | Reached XP level 4. HP: 35/37 MP: 4/4
  1837 | D:2      | Found a faded altar of an unknown god.
  1942 | D:2      | Found Ryiph's Jewellery Shoppe.
  2319 | D:3      | Noticed Jessica
  2392 | D:3      | Killed Jessica
  2401 | D:3      | Reached XP level 5. HP: 29/42 MP: 5/5
  2648 | D:3      | Found a hide-covered altar of Uskayaw.
  2800 | D:3      | Found a hazy altar of Hepliaklqana.
  2911 | D:4      | Found a burning altar of Makhleb.
  3014 | D:4      | Reached XP level 6. HP: 47/49 MP: 6/6
  3947 | D:5      | Entered Level 5 of the Dungeon
  3968 | D:4      | Slain by an iguana

Illustrated notes

Levels and vault maps discovered:
D:1:      dpeg_arrival_rooms_a, layout_basic, minmay_heptomino_o4
D:2:      layout_loops_corners, serial_shops, shop,
          hellmonk_ecumenical_altar_defaced_shrine
D:3:      layout_rooms, nicolae_uskayaw_murder_on_the_dancefloor,
          lemuel_tele_altar, uniq_jessica
D:4:      layout_basic, makhleb_heckhound_becter, minmay_misc_feat_chi,
          minmay_misc_feat_pillars
D:5:      layout_basic, minmay_temple_entry_large_hall, eino_tiny_chamber

Skill      XL: |  1  2  3  4  5 |
---------------+----------------+-----
Maces & Flails | 2 3 4 |  4.8
Fighting       | 4 |  4.8
Armour         | |  2.4
Shields        | |  2.4

Action                     |  1- 3 |  4- 6 || total
---------------------------+-------+-------++-------
  Melee: Flail             |   169 |   193 ||   362
         Whip              |       |    17 ||    17
  Throw: Dart              |       |     5 ||     5
    Use: Scroll            |       |     7 ||     7
   Stab: Invisible         |       |     1 ||     1
 Armour: Scale mail        |    93 |   123 ||   216
  Dodge: Dodged            |   106 |   108 ||   214
  Block: Buckler           |    25 |    45 ||    70

Table legend: (Time is in decaauts)
 A = Elapsed time spent in this place.
 B = Non-inter-level travel time spent in this place.
 C = Inter-level travel time spent in this place.
 D = Time resting spent in this place.
 E = Time spent auto-exploring this place.
 F = Levels seen in this place.
 G = Mean time per level.
                   A        B        C        D        E       F      G
               +--------+--------+--------+--------+--------+-----+--------+
         Total |   4074 |   3690 |    384 |    139 |   2533 |   5 |  814.8 |
       Dungeon |   4074 |   3690 |    384 |    139 |   2533 |   5 |  814.8 |
               +--------+--------+--------+--------+--------+-----+--------+

Top non-repeatable levels by time:
     D:2: 1268 daAuts
     D:1: 1039 daAuts
     D:4: 950 daAuts
     D:3: 805 daAuts
     D:5: 10 daAuts
